 Dungeon Crawl Stone Soup version 0.22-a0-422-g9628fc87f1 (webtiles) character file.

74 Simmerdown the Skirmisher (level 4, -17/41 HPs)
             Began as a Minotaur Fighter on May 17, 2018.
             Engulfed by a cloud of flame (20 damage)
             ... on level 2 of the Dungeon.
             The game lasted 00:02:49 (1569 turns).

Simmerdown the Skirmisher (Minotaur Fighter)        Turns: 1569, Time: 00:02:50

Health: -17/41     AC:  7    Str: 22    XL:     4   Next: 10%
Magic:  3/3        EV: 10    Int:  5    God:
Gold:   92         SH:  0    Dex:  9    Spells: 3/3 levels left

rFire    . . .     SeeInvis .   a - +0 long sword
rCold    . . .     Gourm    .   (no shield)
rNeg     . . .     Faith    .   b - +0 scale mail
rPois    .         Spirit   .   (helmet restricted)
rElec    .         Reflect  .   (no cloak)
rCorr    .         Harm     .   (no gloves)
MR       .....                  (no boots)
Stlth    ..........             (no amulet)
HPRegen  0.13/turn              (no ring)
MPRegen  0.08/turn              (no ring)

@: no status effects
A: retaliatory headbutt, horns 2
a: no special abilities


You were on level 2 of the Dungeon.
You were very hungry.

You visited 1 branch of the dungeon, and saw 2 of its levels.

You collected 92 gold pieces.

Inventory:

Hand Weapons
 a - a +0 long sword (weapon)
Missiles
 k - 7 javelins (quivered)
Armour
 b - a +0 scale mail (worn)
Jewellery
 i - a cursed ring of loudness {unknown}
Scrolls
 c - 3 scrolls of magic mapping {unknown}
 g - 3 scrolls of identify {unknown}
 j - a scroll of enchant armour {unknown}
 n - a scroll of teleportation {unknown}
 o - a scroll of immolation {unknown}
Potions
 d - a potion of might
 e - 3 potions of lignification {unknown}
 h - 3 potions of heal wounds {unknown}
 l - a potion of haste
 m - a potion of degeneration {unknown}
Comestibles
 f - 3 rations


   Skills:
 - Level 4.4 Fighting
 * Level 3.8 Long Blades
 - Level 4.2 Armour
 - Level 0.7 Dodging
   Level 3.7 Shields


You had 3 spell levels left.
You didn't know any spells.
Your spell library was empty.

Dungeon Overview and Level Annotations

Branches:
Dungeon (2/15)

Altars:
Vehumet


Innate Abilities, Weirdness & Mutations

You reflexively headbutt those who attack you in melee.
You have a pair of horns on your head.


Message History

You found a teleport trap!
There is a stone staircase leading up here.
You are feeling very hungry.
You see here a kobold skeleton.
You see here a kobold skeleton.
Partly explored, can't reach some places.
No target in view!
Partly explored, can't reach some places.
No target in view!
Partly explored, can't reach some places.
No target in view!
Partly explored, can't reach some places.
Really walk into a travel-excluded area?
Really walk into that cloud of flame?
You are engulfed in blazing flames.
You are engulfed in blazing flames.
Ouch! That really hurt!
* * * LOW HITPOINT WARNING * * *
You are engulfed in blazing flames.
You die...

#.# #.# #......# #.#
#.# #.....(#### #.#
#.# ##........< #.#
##.# #.....####
#.################..#
#.........
#...................#
#...######
###############.§...#
##.###.... #§._.§#
#.# #.###
#.@.§.#####.###.###
#§...§...÷.........
#...............###
########.......#...
#.........##
#.>.....### #.......#
#[......# #########


There were no monsters in sight!

Vanquished Creatures
  A gnoll (D:1)
  2 adders (D:2)
  An ooze (D:2)
  4 bats
  2 giant cockroaches
  4 goblins
  6 hobgoblins
  7 jackals
  A frilled lizard (D:1)
  5 kobolds
  7 rats
40 creatures vanquished.

Vanquished Creatures (others)
  A rat (D:2)
1 creature vanquished.

Grand Total: 41 creatures vanquished

Notes
Turn   | Place    | Note
-------+----------+-------------------------------------------
     0 | D:1      | Simmerdown the Minotaur Fighter began the quest for the Orb.
     0 | D:1      | Reached XP level 1. HP: 19/19 MP: 0/0
   282 | D:1      | Reached XP level 2. HP: 24/27 MP: 1/1
   470 | D:1      | Reached XP level 3. HP: 33/33 MP: 2/2
  1003 | D:2      | Found a radiant altar of Vehumet.
  1168 | D:2      | Reached XP level 4. HP: 41/41 MP: 3/3
  1568 | D:2      | HP: 2/41 [something (27)]
  1569 | D:2      | Engulfed by a cloud of flame

Vault maps used:
D:1:      dpeg_arrival_windows_large_door
D:2:      fiery_altar_vehumet

Skill      XL: |  1  2 |
---------------+-------+-----
Fighting       | 4 |  4.4
Armour         | 4 |  4.2
Long Blades    | 3 |  3.8
Dodging        | |  0.7
Shields        | |  3.7

Action                   |  1- 3 |  4- 6 || total
-------------------------+-------+-------++-------
Melee: Long sword        |    72 |     8 ||    80
       Headbutt          |     8 |     1 ||     9
  Eat: Chunk             |       |     1 ||     1
Armor: Scale mail        |    33 |     7 ||    40
Dodge: Dodged            |    36 |    10 ||    46
Block: Shield            |     4 |       ||     4
       Rpst.: Long sword |     7 |     3 ||    10

Table legend:
 A = Spawn XP
 B = Non-spawn XP
 C = Spawn XP percentage of total XP
 D = Spawn monster count
 E = Non-spawn monster count
 F = Spawn count percentage of total count
 G = Total turns spent on level
                    A         B        C        D         E        F      G
               +---------+---------+-------+---------+---------+-------+---------
         Total |       0 |     107 |   0.0 |       0 |      40 |   0.0 |  1569
               +---------+---------+-------+---------+---------+-------+---------
           D:1 |       0 |      47 |   0.0 |       0 |      22 |   0.0 |   827
           D:2 |       0 |      60 |   0.0 |       0 |      18 |   0.0 |   742
               +---------+---------+-------+---------+---------+-------+---------
